AA - U28
PROVIDENCE CRABS @ NEW HAMPSHIRE FISHER CATS
08/13/2052
 
TOP OF THE 1ST
Wichita Pilots batting - Pitching for Hartford Yard Goats : RHP Greg Adams
Pitching: RHP Greg Adams
Batting: RHB Ben Carpenter 0-0: Foul Ball, location: 2F
0-1: Foul Ball, location: 2F
0-2: SINGLE (Line Drive, 8LS, EV 105.6 MPH)
Batting: RHB Matt Augustus 0-0: Ball
Ben Carpenter steals 2nd base
1-0: Foul Ball, location: 2F
1-1: Fly out, F8 (Line Drive, 8RM, EV 86.9 MPH)
Batting: LHB Joel Emmons 0-0: SINGLE (Groundball, 56S, EV 62.5 MPH) (infield hit)
Ben Carpenter to third
Batting: RHB Zak French 0-0: Called Strike
0-1: Called Strike
0-2: Ball
1-2: Ball
2-2: Hit by Pitch
Joel Emmons to second
Batting: RHB Mike Young 0-0: Swinging Strike
0-1: Foul Ball, location: 2F
0-2: Ball
1-2: Strikes out swinging
Batting: RHB Mitch Ireland 0-0: Ball
1-0: Called Strike
1-1: Ball
2-1: Ball
3-1: Base on Balls
Ben Carpenter scores
Joel Emmons to third
Zak French to second
Batting: LHB Daryl McClain 0-0: Ball
1-0: Foul Ball, location: 2F
1-1: SINGLE (Groundball, P, EV 81.2 MPH) (infield hit)
Joel Emmons scores
Zak French to third
Mitch Ireland to second
Batting: RHB Luis de Leon 0-0: Foul Ball, location: 2F
0-1: Foul Ball, location: 2F
0-2: Ball
1-2: Ball
2-2: Fly out, F9 (Line Drive, 9D, EV 93.1 MPH)
Top of the 1st over - 2 runs, 3 hits, 0 errors, 3 left on base; Wichita 2 - Hartford 0
BOTTOM OF THE 1ST
Hartford Yard Goats batting - Pitching for Wichita Pilots : RHP Daniel Frierson
Pitching: RHP Daniel Frierson
Batting: RHB Ángelo Pérez 0-0: Ball
1-0: Called Strike
1-1: Ground out 5-3 (Groundball, 5S, EV 89.4 MPH)
Batting: LHB Alfonso Melendez 0-0: Ball
1-0: Foul Ball, location: 2F
1-1: Ball
2-1: SINGLE (Groundball, 34D, EV 109.4 MPH)
Batting: SHB Jun Carvajal 0-0: Ball
1-0: Ball
2-0: Ball
3-0: Called Strike
3-1: Base on Balls
Alfonso Melendez to second
Batting: LHB Jesse Gougeon 0-0: Called Strike
0-1: Ball
1-1: Ball
2-1: Foul Ball, location: 2F
2-2: Strikes out swinging
Batting: RHB Adam Medwid 0-0: 3-RUN HOME RUN (Flyball, 7D, EV 95.6 MPH), Distance : 341 ft
Batting: RHB Pat Fontenot 0-0: Called Strike
0-1: SINGLE (Groundball, 56D, EV 98.1 MPH)
Batting: RHB Corey Miller 0-0: Ball
1-0: Foul Ball, location: 2F
1-1: Called Strike
1-2: Ball
2-2: Strikes out swinging
Bottom of the 1st over - 3 runs, 3 hits, 0 errors, 1 left on base; Wichita 2 - Hartford 3
TOP OF THE 2ND
Wichita Pilots batting - Pitching for Hartford Yard Goats : RHP Greg Adams
Batting: RHB Aaron Parr 0-0: Foul Ball, location: 2F
0-1: Called Strike
0-2: Ball
1-2: Hit by Pitch
Batting: RHB Ben Carpenter 0-0: Ball
1-0: Foul Ball, location: 2F
1-1: Foul Ball, location: 2F
1-2: Ball
2-2: Foul Ball, location: 2F
2-2: Ball
3-2: Fly out, F9 (Flyball, 9LM, EV 102.5 MPH)
Batting: RHB Matt Augustus 0-0: Ball
1-0: Swinging Strike
1-1: Called Strike
1-2: Fly out, F7 (Line Drive, 7, EV 98.1 MPH)
Batting: LHB Joel Emmons 0-0: Ball
1-0: Foul Ball, location: 2F
1-1: Called Strike
1-2: SINGLE (Groundball, 6D, EV 104.4 MPH)
Aaron Parr to second
Batting: RHB Zak French 0-0: SINGLE (Flyball, 34D, EV 94.4 MPH)
Aaron Parr to third
Joel Emmons to second
Runner from 3rd tries for Home, SAFE, throw by RF to home
Batting: RHB Mike Young 0-0: Ball
1-0: SINGLE (Line Drive, 4D, EV 101.2 MPH)
Joel Emmons to third
Zak French to second
Batting: RHB Mitch Ireland 0-0: Ball
1-0: Foul Ball, location: 2F
1-1: Ball
2-1: GRAND SLAM HOME RUN (Line Drive, 78XD, EV 98.8 MPH), Distance : 411 ft
Pitching: RHP Max Carrera
Batting: LHB Daryl McClain 0-0: SINGLE (Groundball, 3D, EV 99.4 MPH)
Batting: RHB Luis de Leon 0-0: Foul Ball, location: 2F
0-1: Ball
1-1: Fly out, F9 (Flyball, 9, EV 80.0 MPH)
Top of the 2nd over - 5 runs, 5 hits, 0 errors, 1 left on base; Wichita 7 - Hartford 3
BOTTOM OF THE 2ND
Hartford Yard Goats batting - Pitching for Wichita Pilots : RHP Daniel Frierson
Batting: SHB Shawn Norman 0-0: Ball
1-0: Ball
2-0: Ball
3-0: Called Strike
3-1: Ground out 4-3 (Groundball, 4, EV 95.0 MPH)
Batting: LHB Wyatt Scott 0-0: Fly out, F7 (Line Drive, 7, EV 93.1 MPH)
Batting: RHB Ángelo Pérez 0-0: Called Strike
0-1: Ball
1-1: Foul Ball, location: 2F
1-2: DOUBLE (Line Drive, 9LM, EV 101.9 MPH)
Batting: LHB Alfonso Melendez 0-0: Ball
1-0: Ball
2-0: Ball
3-0: Called Strike
3-1: Base on Balls
Batting: SHB Jun Carvajal 0-0: Ball
1-0: Foul Ball, location: 2F
1-1: Foul Ball, location: 2F
1-2: Ball
2-2: Ball
3-2: Fly out, F7 (Flyball, 78D, EV 100.6 MPH)
Bottom of the 2nd over - 0 runs, 1 hit, 0 errors, 2 left on base; Wichita 7 - Hartford 3
TOP OF THE 3RD
Wichita Pilots batting - Pitching for Hartford Yard Goats : RHP Max Carrera
Batting: RHB Aaron Parr 0-0: Ball
1-0: Called Strike
1-1: Ball
2-1: Called Strike
2-2: Ball
3-2: Foul Ball, location: 2F
3-2: Foul Ball, location: 2F
3-2: Foul Ball, location: 2F
3-2: Base on Balls
Batting: RHB Ben Carpenter 0-0: Called Strike
0-1: Ball
1-1: Foul Ball, location: 2F
1-2: Ball
2-2: Strikes out swinging
Batting: RHB Matt Augustus 0-0: Ball
1-0: Called Strike
1-1: Fly out, F9 (Flyball, 89M, EV 87.5 MPH)
Batting: LHB Joel Emmons 0-0: Ball
1-0: Ball
2-0: Ground out 4-3 (Groundball, 4S, EV 90.0 MPH)
Top of the 3rd over - 0 runs, 0 hits, 0 errors, 1 left on base; Wichita 7 - Hartford 3
BOTTOM OF THE 3RD
Hartford Yard Goats batting - Pitching for Wichita Pilots : RHP Daniel Frierson
Batting: LHB Jesse Gougeon 0-0: Ball
1-0: Ground out U3 (Groundball, 3, EV 88.1 MPH)
Batting: RHB Adam Medwid 0-0: Called Strike
0-1: Swinging Strike
0-2: Foul Ball, location: 2F
0-2: Strikes out looking
Batting: RHB Pat Fontenot 0-0: Called Strike
0-1: Fly out, F5 (Flyball, 5D, EV 94.4 MPH)
Bottom of the 3rd over - 0 runs, 0 hits, 0 errors, 0 left on base; Wichita 7 - Hartford 3
TOP OF THE 4TH
Wichita Pilots batting - Pitching for Hartford Yard Goats : RHP Max Carrera
Batting: RHB Zak French 0-0: SINGLE (Flyball, 89S, EV 93.8 MPH)
Batting: RHB Mike Young 0-0: Foul Ball, location: 2F
0-1: Fly out, F8 (Flyball, 89M, EV 88.8 MPH)
Batting: RHB Mitch Ireland 0-0: Foul Ball, location: 2F
0-1: Swinging Strike
0-2: Ball
1-2: Ball
2-2: Foul Ball, location: 2F
2-2: Grounds into double play, 3-6-3 (Groundball, 34S, EV 85.6 MPH)
Top of the 4th over - 0 runs, 1 hit, 0 errors, 0 left on base; Wichita 7 - Hartford 3
BOTTOM OF THE 4TH
Hartford Yard Goats batting - Pitching for Wichita Pilots : RHP Daniel Frierson
Batting: RHB Corey Miller 0-0: Called Strike
0-1: Swinging Strike
0-2: Ball
1-2: Ball
2-2: Foul Ball, location: 2F
2-2: Ball
3-2: Base on Balls
Batting: SHB Shawn Norman 0-0: Ball
1-0: Fly out, F7 (Flyball, 78S, EV 95.0 MPH)
Batting: LHB Wyatt Scott 0-0: Ball
1-0: Called Strike
1-1: Foul Ball, location: 2F
1-2: Ball
2-2: Ball
3-2: Strikes out swinging
Batting: RHB Ángelo Pérez 0-0: Foul Ball, location: 2F
0-1: Ball
1-1: Ball
2-1: Called Strike
2-2: Fly out, F6 (Line Drive, 6, EV 74.4 MPH)
Bottom of the 4th over - 0 runs, 0 hits, 0 errors, 1 left on base; Wichita 7 - Hartford 3
TOP OF THE 5TH
Wichita Pilots batting - Pitching for Hartford Yard Goats : RHP Max Carrera
Batting: LHB Daryl McClain 0-0: Ground out 5-3 (Groundball, 56, EV 86.2 MPH)
Batting: RHB Luis de Leon 0-0: Ball
1-0: Called Strike
1-1: Called Strike
1-2: Foul Ball, location: 2F
1-2: Ball
2-2: Fly out, F2 (Popup, 25F, EV 93.8 MPH)
Batting: RHB Aaron Parr 0-0: TRIPLE (Flyball, 9LD, EV 95.6 MPH)
Batting: RHB Ben Carpenter Balk!
Aaron Parr scores
0-0: Swinging Strike
0-1: Ball
1-1: Ball
2-1: Foul Ball, location: 2F
2-2: Ball
3-2: Fly out, F9 (Flyball, 89M, EV 82.5 MPH)
Top of the 5th over - 1 run, 1 hit, 0 errors, 0 left on base; Wichita 8 - Hartford 3
BOTTOM OF THE 5TH
Hartford Yard Goats batting - Pitching for Wichita Pilots : RHP Daniel Frierson
Batting: LHB Alfonso Melendez 0-0: Foul Ball, location: 2F
0-1: SINGLE (Groundball, 4MD, EV 102.5 MPH)
Batting: SHB Jun Carvajal 0-0: Ball
1-0: Called Strike
1-1: Ball
2-1: Called Strike
2-2: Ball
3-2: Fly out, F8 (Flyball, 8LXD, EV 106.2 MPH)
Batting: LHB Jesse Gougeon 0-0: Grounds into double play, 5-4-3 (Groundball, 56, EV 109.4 MPH)
Bottom of the 5th over - 0 runs, 1 hit, 0 errors, 0 left on base; Wichita 8 - Hartford 3
TOP OF THE 6TH
Wichita Pilots batting - Pitching for Hartford Yard Goats : RHP Max Carrera
Batting: RHB Matt Augustus 0-0: Called Strike
0-1: Ball
1-1: Foul Ball, location: 2F
1-2: Fly out, F8 (Flyball, 8LXD, EV 99.4 MPH)
Batting: LHB Joel Emmons 0-0: Ground out U3 (Groundball, 3, EV 90.0 MPH)
Batting: RHB Zak French 0-0: Foul Ball, location: 2F
0-1: Swinging Strike
0-2: Ball
1-2: Ball
2-2: SINGLE (Groundball, 34D, EV 93.8 MPH)
Pitching: LHP Crescencio Lugo
Batting: RHB Mike Young 0-0: Ball
1-0: Called Strike
1-1: Called Strike
1-2: Ball
2-2: Ball
3-2: Strikes out looking
Top of the 6th over - 0 runs, 1 hit, 0 errors, 1 left on base; Wichita 8 - Hartford 3
BOTTOM OF THE 6TH
Hartford Yard Goats batting - Pitching for Wichita Pilots : RHP Daniel Frierson
Batting: RHB Adam Medwid 0-0: Foul Ball, location: 2F
0-1: Ball
1-1: Foul Ball, location: 2F
1-2: TRIPLE (Flyball, 78XD, EV 105.6 MPH)
Batting: RHB Pat Fontenot 0-0: Foul Ball, location: 2F
0-1: SINGLE (Flyball, 8RS, EV 95.6 MPH)
Adam Medwid scores
Batting: RHB Corey Miller Pickoff Throw to First - Out! 1-3
0-0: Ball
1-0: Called Strike
1-1: Ball
2-1: Ball
3-1: Called Strike
3-2: Fly out, F7 (Flyball, 7LM, EV 96.9 MPH)
Batting: SHB Shawn Norman 0-0: Ball
1-0: Ball
2-0: SINGLE (Line Drive, 78S, EV 95.6 MPH)
Pitching: RHP Logan Shoffstall
Batting: LHB Wyatt Scott 0-0: Ball
Wild Pitch!
Shawn Norman to second
1-0: Ground out U3 (Groundball, 3S, EV 80.6 MPH)
Bottom of the 6th over - 1 run, 3 hits, 0 errors, 1 left on base; Wichita 8 - Hartford 4
TOP OF THE 7TH
Wichita Pilots batting - Pitching for Hartford Yard Goats : LHP Crescencio Lugo
Batting: RHB Mitch Ireland 0-0: Ball
1-0: Ball
2-0: Ball
3-0: Base on Balls
Batting: LHB Daryl McClain 0-0: Ball
1-0: Bunted foul
1-1: Bunted foul
1-2: Ball
2-2: Foul Ball, location: 2F
2-2: Ball
3-2: Fly out, F7 (Flyball, 7D, EV 104.4 MPH)
Batting: RHB Luis de Leon 0-0: Grounds into double play, U3-6 (Groundball, 3L, EV 84.4 MPH)
Top of the 7th over - 0 runs, 0 hits, 0 errors, 0 left on base; Wichita 8 - Hartford 4
BOTTOM OF THE 7TH
Hartford Yard Goats batting - Pitching for Wichita Pilots : RHP Logan Shoffstall
Batting: RHB Ángelo Pérez 0-0: Ground out 6-3 (Groundball, 6, EV 88.1 MPH)
Batting: LHB Alfonso Melendez 0-0: Called Strike
0-1: Ball
1-1: Foul Ball, location: 2F
1-2: Strikes out swinging
Batting: SHB Jun Carvajal 0-0: Called Strike
0-1: Ball
1-1: Ball
2-1: Ball
3-1: SINGLE (Line Drive, 3D, EV 105.0 MPH)
Batting: LHB Jesse Gougeon 0-0: Fly out, F8 (Line Drive, 8LD, EV 93.8 MPH)
Bottom of the 7th over - 0 runs, 1 hit, 0 errors, 1 left on base; Wichita 8 - Hartford 4
TOP OF THE 8TH
Wichita Pilots batting - Pitching for Hartford Yard Goats : LHP Crescencio Lugo
Batting: RHB Aaron Parr 0-0: Ball
1-0: SINGLE (Line Drive, 7S, EV 101.9 MPH)
Batting: RHB Ben Carpenter 0-0: Sac Bunt to 3S - play at first, batter OUT! 3-4
Aaron Parr to second
Batting: RHB Matt Augustus 0-0: Ground out 6-3 (Groundball, 6S, EV 68.8 MPH)
Aaron Parr to third
Batting: LHB Joel Emmons 0-0: Ball
1-0: Called Strike
1-1: Foul Ball, location: 2F
1-2: Ground out 5-3 (Groundball, 56, EV 79.4 MPH)
Top of the 8th over - 0 runs, 1 hit, 0 errors, 1 left on base; Wichita 8 - Hartford 4
BOTTOM OF THE 8TH
Hartford Yard Goats batting - Pitching for Wichita Pilots : RHP Logan Shoffstall
Batting: RHB Adam Medwid 0-0: Called Strike
0-1: Ball
1-1: Ball
2-1: Called Strike
2-2: Foul Ball, location: 2F
2-2: Foul Ball, location: 2F
2-2: Ball
3-2: Foul Ball, location: 2F
3-2: DOUBLE (Line Drive, 3D, EV 103.1 MPH)
Batting: RHB Pat Fontenot 0-0: Ball
1-0: Ground out 1-3 (Groundball, 13S, EV 75.6 MPH)
Adam Medwid to third
Batting: RHB Corey Miller 0-0: Ball
1-0: Ball
2-0: Ball
3-0: Base on Balls
Batting: SHB Shawn Norman 0-0: Ball
1-0: Swinging Strike
1-1: Ball
2-1: Foul Ball, location: 2F
2-2: Ball
3-2: Grounds out, U3 (Groundball, 3L, EV 107.5 MPH)
Adam Medwid scores
Pitching: RHP Ricky Acevedo
Batting: LHB Wyatt Scott 0-0: SINGLE (Groundball, 4D, EV 100.0 MPH)
Corey Miller to third
Runner from 3rd tries for Home, SAFE, throw by CF to home
Batting: RHB Ángelo Pérez 0-0: Called Strike
0-1: Swinging Strike
0-2: Strikes out swinging
Bottom of the 8th over - 2 runs, 2 hits, 0 errors, 1 left on base; Wichita 8 - Hartford 6
TOP OF THE 9TH
Wichita Pilots batting - Pitching for Hartford Yard Goats : LHP Crescencio Lugo
Batting: RHB Zak French 0-0: Ball
1-0: Foul Ball, location: 2F
1-1: Ball
2-1: Foul Ball, location: 2F
2-2: Fly out, F8 (Flyball, 8LM, EV 87.5 MPH)
Batting: RHB Mike Young 0-0: SINGLE (Groundball, 34D, EV 108.1 MPH)
Batting: RHB Mitch Ireland 0-0: Called Strike
0-1: Called Strike
0-2: Ball
1-2: Foul Ball, location: 2F
1-2: Foul Ball, location: 2F
1-2: Fielders Choice at 2nd, 5-4 (Groundball, 56, EV 107.5 MPH)
Batting: LHB Daryl McClain 0-0: Called Strike
0-1: Swinging Strike
0-2: Ball
1-2: Ball
2-2: Strikes out swinging
Top of the 9th over - 0 runs, 1 hit, 0 errors, 1 left on base; Wichita 8 - Hartford 6
BOTTOM OF THE 9TH
Hartford Yard Goats batting - Pitching for Wichita Pilots : RHP Ricky Acevedo
Pitching: RHP Eric McGlew
Batting: LHB Alfonso Melendez 0-0: SINGLE (Groundball, 6MD, EV 98.1 MPH)
Batting: SHB Jun Carvajal 0-0: Ball
1-0: Called Strike
1-1: Ball
2-1: Ball
3-1: Grounds into double play, 4-6-3 (Groundball, 4, EV 79.4 MPH)
Batting: LHB Jesse Gougeon 0-0: DOUBLE (Flyball, 8RXD, EV 98.8 MPH)
Batting: RHB Adam Medwid 0-0: Called Strike
0-1: Ball
1-1: Ball
2-1: Swinging Strike
2-2: Ball
3-2: Foul Ball, location: 2F
3-2: Ground out 5-3 (Groundball, 56, EV 84.4 MPH)
Bottom of the 9th over - 0 runs, 2 hits, 0 errors, 1 left on base; Wichita 8 - Hartford 6
Friday, May 3rd , 2024 - OOTP Baseball 24.11 Build 85